AoeStats
← zack

Arena

513997945Analyzed
4v4 RM · 1mo ago on Oct 16, 2026· 48m 12s· 8 players
Game mode
Random Map
Map size
Large (8 player)
Population
200
Speed
Normal
Resources
Standard
Victory
Conquest
Starting age
Dark Age
Ending age
Imperial Age
RankedLock teamsTeams togetherTeam positionsShared explorationLock speedFull tech treeHidden civsTurbo modeCheats
Victory
Defeat
🇨🇳 Wei · China
1190
+15
🇹🇼 Georgians · Taiwan
1186
+15
🇹🇼 Aztecs · Taiwan
1181
+15
1117
+18
vs
🇪🇸 Spanish · Spain
1208
-18
🇧🇦 Cumans · Bosnia & Herzegovina
1165
-16
🇫🇷 Britons · France
1164
-16
🇹🇷 Romans · Türkiye
1091
-13
SeR_GaGo
4:27 Loom
10:49 Feudal Age
15:29 Castle Age
13:45 Double-Bit Axe
14:00 Horse Collar
16:46 Bow Saw
22:25 Gold Mining
23:39 Devotion
27:46 Husbandry
30:08 Bloodlines
32:30 Heavy Plow
35:08 Imperial Age
34:04 Wheelbarrow
34:26 Light Cavalry
35:20 Forging
35:19 Scale Barding Armor
36:23 Conscription
36:17 Elite Conquistador
36:49 Hussar
38:07 Iron Casting
37:53 Chain Barding Armor
39:51 Blast Furnace
38:16 Capped Ram
40:20 Two-Man Saw
39:58 Hand Cart
40:44 Plate Barding Armor
42:04 Caravan
44:00 Chemistry
43:38 Onager
43:40 Siege Ram
Sharcks
10:43 Feudal Age
10:23 Loom
12:09 Double-Bit Axe
16:14 Castle Age
16:25 Gold Mining
17:22 Fletching
20:56 Horse Collar
21:23 Town Watch
21:34 Crossbowman
24:22 Wheelbarrow
25:55 Bodkin Arrow
30:11 Imperial Age
27:54 Stone Mining
28:42 Ballistics
28:41 Heavy Plow
29:17 Bow Saw
29:13 Bodkin Arrow
29:47 Padded Archer Armor
29:11 Light Cavalry
31:15 Leather Archer Armor
31:12 Bracer
31:01 Arbalester
35:04 Conscription
35:13 Hand Cart
35:52 Ring Archer Armor
35:27 Scale Barding Armor
35:33 Forging
37:17 Chemistry
37:33 Hoardings
37:12 Husbandry
39:29 Murder Holes
39:45 Masonry
40:40 Siege Engineers
41:00 Chain Barding Armor
42:55 Plate Barding Armor
cezinem
10:54 Feudal Age
16:16 Castle Age
17:07 Gold Mining
18:39 Loom
26:26 Imperial Age
30:23 Forging
30:48 Fletching
30:58 Padded Archer Armor
31:44 Horse Collar
33:39 Bodkin Arrow
34:00 Leather Archer Armor
33:11 Pikeman
34:40 Stone Mining
36:44 Iron Casting
37:23 Ring Archer Armor
37:33 Halberdier
42:39 Chemistry
42:00 Ballistics
41:54 Double-Bit Axe
41:55 Town Watch
42:46 Heavy Scorpion
47:39 Blast Furnace
46:54 Masonry
1godi
8:58 Feudal Age
9:36 Double-Bit Axe
10:21 Horse Collar
14:28 Wheelbarrow
15:33 Gold Mining
20:29 Castle Age
19:11 Scale Barding Armor
20:15 Forging
21:02 Bloodlines
20:59 Capped Ram
21:54 Bow Saw
21:47 Heavy Plow
25:50 Chain Barding Armor
26:49 Hand Cart
28:26 Loom
31:12 Imperial Age
30:38 Town Watch
31:35 Gold Shaft Mining
30:52 Stone Mining
31:48 Iron Casting
32:30 Plate Barding Armor
31:17 Cavalier
33:06 Two-Man Saw
34:08 Blast Furnace
33:40 Paladin
34:05 Pikeman
36:34 Siege Ram
39:14 Scale Mail Armor
38:36 Halberdier
39:16 Squires
39:45 Conscription
40:30 Chain Mail Armor
40:07 Fletching
40:50 Fletching
41:55 Plate Mail Armor
43:33 Hoardings
R
10:13 Feudal Age
14:37 Castle Age
13:59 Gold Mining
13:57 Double-Bit Axe
15:34 Gold Mining
17:10 Redemption
17:23 Sanctity
17:46 Fervor
26:56 Wheelbarrow
28:04 Bow Saw
30:09 Loom
33:46 Imperial Age
31:44 Elite Skirmisher
32:16 Fletching
32:26 Padded Archer Armor
33:20 Guard Tower
33:41 Fortified Wall
34:31 Ballistics
34:42 Horse Collar
36:21 Leather Archer Armor
38:36 Bodkin Arrow
39:09 Conscription
38:50 Murder Holes
38:47 Arrowslits
41:07 Chemistry
39:53 Treadmill Crane
41:38 Bracer
42:26 Heavy Plow
42:18 Pikeman
42:59 Squires
42:45 Arson
43:01 Scale Mail Armor
43:04 Atlatl
43:16 Forging
43:08 Capped Ram
44:29 Siege Ram
47:50 Iron Casting
47:31 Chain Mail Armor
48:58 Hand Cart
Việt Nam Vô Địch !
11:23 Feudal Age
15:26 Castle Age
13:39 Double-Bit Axe
14:51 Loom
15:05 Stone Mining
15:06 Gold Mining
14:59 Horse Collar
17:50 Bow Saw
23:14 Wheelbarrow
22:44 Heavy Plow
29:02 Imperial Age
27:21 Padded Archer Armor
27:11 Fletching
27:27 Scale Barding Armor
27:27 Pikeman
28:08 Squires
28:11 Scale Mail Armor
28:24 Forging
29:47 Hand Cart
30:40 Two-Man Saw
30:12 Crop Rotation
30:19 Gold Shaft Mining
30:19 Stone Shaft Mining
33:27 Chemistry
32:24 Bodkin Arrow
31:56 Elite Skirmisher
33:34 Conscription
34:28 Leather Archer Armor
34:49 Iron Casting
33:49 Light Cavalry
34:40 Bloodlines
37:08 Ring Archer Armor
37:12 Hussar
41:37 Caravan
41:59 Elite War Elephant
43:15 Hoardings
43:03 Chain Barding Armor
44:32 Halberdier
zack
10:33 Feudal Age
15:28 Castle Age
13:40 Double-Bit Axe
14:03 Horse Collar
16:41 Bow Saw
16:53 Heavy Plow
17:58 Gold Mining
21:35 Stone Mining
24:02 Gold Shaft Mining
24:44 Scale Barding Armor
25:56 Chain Barding Armor
25:47 Forging
26:40 Stone Shaft Mining
27:25 Wheelbarrow
26:36 Town Watch
26:36 Loom
27:05 Treadmill Crane
28:07 Iron Casting
30:25 Town Patrol
33:24 Imperial Age
31:03 Tuntian
31:38 Bloodlines
31:30 Husbandry
32:24 Light Cavalry
35:17 Conscription
35:25 Ming Guang Armor
35:46 Crop Rotation
34:51 Heavy Hei Guang Cavalry
35:51 Hussar
39:08 Blast Furnace
43:29 Hoardings
43:36 Fletching
43:49 Padded Archer Armor
44:58 Chemistry
44:57 Thumb Ring
45:18 Parthian Tactics
46:44 Leather Archer Armor
46:25 Bodkin Arrow
46:57 Ballistics
PYF
3:34 Loom
10:48 Feudal Age
12:08 Loom
14:51 Castle Age
13:50 Double-Bit Axe
16:20 Wheelbarrow
16:30 Bow Saw
17:31 Town Watch
25:41 Horse Collar
28:45 Gold Mining
29:34 Hand Cart
32:58 Imperial Age
31:12 Scale Mail Armor
31:23 Forging
32:14 Chain Mail Armor
33:21 Iron Casting
32:26 Pikeman
33:06 Squires
33:59 Conscription
33:03 Halberdier
34:16 Plate Mail Armor
34:36 Onager
38:55 Siege Onager
42:27 Capped Ram
43:30 Siege Ram
44:11 Arson
45:23 Siege Engineers
Connection lost

Rejoining the realm…

Still unreachable

The connection could not be restored.

Session expired

The server has moved on; the page needs a fresh start.